 Dungeon Crawl Stone Soup version 0.27-a0-1046-g98bf31544f (webtiles) character file.

Game seed: 1009729873613512217

262 spiderkeys the Chopper (level 6, -7/54 (55) HPs)
             Began as a Hill Orc Abyssal Knight on Apr 19, 2021.
             Was a Believer of Lugonu.
             Killed by nerve-wracking pain
             ... invoked by an orc priest
              (12 damage)
             ... on level 3 of the Dungeon.
             The game lasted 00:06:02 (3777 turns).

spiderkeys the Chopper (Hill Orc Abyssal Knight)    Turns: 3777, Time: 00:06:02

HP:   -7/54 (55)    AC:  5    Str: 17    XL:     6   Next: 18%
MP:   9/9           EV: 15    Int: 12    God:    Lugonu [**....]
Gold: 162           SH:  0    Dex: 10    Spells: 5/5 levels left

rFire    . . .     SeeInvis .   a - +2 hand axe
rCold    + . .     Faith    +   (no shield)
rNeg     . . .     Spirit   .   b - +0 leather armour
rPois    .         Reflect  .   (no helmet)
rElec    .         Harm     .   g - +0 cloak
rCorr    .         Rampage  .   n - +0 pair of gloves
Will     .....                  (no boots)
Stlth    +.........             T - amulet of faith {!P}
HPRegen  0.18/turn              C - ring of protection from cold
MPRegen  0.11/turn              E - +4 ring of evasion

@: lightly drained
A: no striking features
a: Renounce Religion, Convert to Beogh, Depart the Abyss, Bend Space


You were on level 3 of the Dungeon.
You worshipped Lugonu.
Lugonu was pleased with you.
You visited 1 branch of the dungeon, and saw 6 of its levels.
You visited the Abyss 1 time.

You collected 162 gold pieces.


   Skills:
 + Level 4.8 Fighting
 * Level 5.6 Axes
 + Level 3.5 Armour
 - Level 1.0 Dodging
 + Level 4.2 Invocations


You had 5 spell levels left.
You didn't know any spells.
Your spell library was empty.

Inventory:

Hand Weapons
 a - a +2 hand axe (weapon)
Missiles
 f - 54 bolts
 j - 101 stones
 k - 39 arrows
 m - 22 sling bullets
 r - 3 boomerangs
Armour
 b - a +0 leather armour (worn)
 g - a +0 cloak (worn)
   (You found it on level 2 of the Dungeon)
 n - a +0 pair of gloves (worn)
   (You found it on level 6 of the Dungeon)
Magical Staves
 l - a staff of cold {!a}
   (You found it on level 1 of the Dungeon)
Jewellery
 C - a ring of protection from cold (left hand)
   (You found it on level 1 of the Abyss)
 E - a +4 ring of evasion (right hand)
   (You found it on level 1 of the Abyss)
 T - an amulet of faith (around neck) {!P}
   (You found it on level 2 of the Dungeon)
Scrolls
 o - a scroll of enchant weapon
 p - a scroll of amnesia {unknown}
 q - a scroll of identify {@r1}
 s - a scroll of enchant armour {unknown}
Potions
 c - 3 potions of flight
 d - 2 potions of magic
 e - a potion of curing {unknown}
 h - a potion of lignification {!q}
 i - a potion of mutation {unknown}

Dungeon Overview and Level Annotations

Branches:
Dungeon (6/15)
 Temple: D:4-7

Altars:

Annotations:
D:5 Eustachio

#.# .# #.# ##. #รท### ...
#.##. ... #.##. #.# #....
#o# #.... #o# ##... #@# ###.
#)# #. #.# ## #.# ######
###########.# #.....
............###########.####
.........####..........)#
########.# #.########### #.#
#.#


You could see 2 orc priests.


Message History

You hit the lemure. The lemure closely misses you.
You completely miss the lemure. The lemure hits you.
* * * LOW HITPOINT WARNING * * *
๐Ÿ˜จ HP[-3]
You take 3 damage, and now have 15/54 hp.
You closely miss the lemure. The lemure barely misses you.
You hit the lemure.
You kill the lemure!
That felt strangely unrewarding.
Things that are here:
a jackal corpse; a jackal corpse Key pressed, stopping explore.
Key pressed, stopping explore.
Key pressed, stopping explore.
j - 101 stones (gained 30)
You see here a rat skeleton.
You see here a bat skeleton.
s - a scroll labelled EBUM OSHRES ๐Ÿ˜Ž HP[+39]
Your hp is fully restored (54).
Okay, then.
You see here a bat skeleton.
You see here a rat skeleton.
Found a stone staircase leading up.
No target in view!
You see here a rat skeleton.
You see here a bat skeleton.
You see here a +2 vorpal mace.
There is a stone staircase leading down here. 2 orcs come into view.
An orc is wielding a +1 dagger of holy wrath.
The orc shouts!
There is a shaft here.
An orc priest comes into view. It is wielding a +0 flail.
An orc priest comes into view. It is wielding a +0 club.
The orc priest shouts, "Surrender to Beogh and we'll let you live!" (press Y on the ability menu to convert to Beogh)
The orc priest shouts! x2
There is a shaft here.
The orc misses you.
You hit the orc but do no damage.
The orc hits you with a +1 dagger of holy wrath. ๐Ÿ˜• HP[-4]
You take 4 damage, and now have 50/54 hp.
You hit the orc.
The orc hits you with a +1 dagger of holy wrath. ๐Ÿ˜• HP[-2]
You take 2 damage, and now have 48/54 hp.
You closely miss the orc. The orc hits you but does no damage.
You completely miss the orc. The orc misses you.
The orc priest shouts, "Surrender to Beogh and we'll let you live!"
You hit the orc.
You kill the orc!
Lugonu accepts your kill.
The orc falls through a shaft!
The shaft crumbles and collapses.
The orc priest looks satisfied for a moment.
The orc priest begins to cast a cantrip, but forgets the words!
Things that are here:
a +1 dagger of holy wrath; a +0 leather armour; an orc corpse The orc priest barely misses you. ๐Ÿ˜• HP[+1]
You closely miss the orc priest.
The orc priest invokes the aid of Beogh against you.
Pain shoots through your body!
The orc priest shouts, "Join the one true god or die!" ๐Ÿ˜ฎ HP[-12]
You take 12 damage, and now have 37/54 hp.
MASSIVE DAMAGE!! (PAUSE)
You closely miss the orc priest. The orc priest misses you. x2
You slash the orc priest!
The orc priest calls upon Beogh to heal the orc priest.
The orc priest threatens, "By the altar or by the axe, you will meet Beogh!"
The orc priest is healed somewhat.
The orc priest calls down the wrath of Beogh upon you.
Beogh smites you!
* * * LOW HITPOINT WARNING * * *
๐Ÿ˜จ HP[-13]
You take 13 damage, and now have 24/54 hp.
MASSIVE DAMAGE!! (PAUSE)
You hit the orc priest.
The orc priest shouts, "Join the one true god or die!"
The orc priest calls upon Beogh to heal the orc priest.
The orc priest's wounds heal themselves!
The orc priest hits you with a +0 flail.
* * * LOW HITPOINT WARNING * * *
๐Ÿ˜จ HP[-1]
You take 1 damage, and now have 23/54 hp.
You barely miss the orc priest.
The orc priest threatens, "By the altar or by the axe, you will meet Beogh!"
The orc priest hits you with a +0 flail!
* * * LOW HITPOINT WARNING * * *
๐Ÿ˜จ HP[-6]
You take 6 damage, and now have 17/54 hp.
You barely miss the orc priest.
The orc priest calls down the wrath of Beogh upon you.
Beogh smites you!
* * * LOW HITPOINT WARNING * * *
The orc priest calls down the wrath of Beogh upon you.
Pain shoots through your body!
You die...

Skill      XL: |  1  2  3  4  5 |
---------------+----------------+-----
Axes           | 3 4 5 |  5.6
Dodging        | 1 |  1.0
Invocations    | 3 4 |  4.2
Fighting       | 4 |  4.8
Armour         | 3 |  3.5

Action                   |  1- 3 |  4- 6 || total
-------------------------+-------+-------++-------
Melee: Hand axe          |   151 |   151 ||   302
Invok: Depart the Abyss  |     1 |       ||     1
       Bend Space        |       |     1 ||     1
  Use: Scroll            |     4 |     1 ||     5
       Potion            |     2 |       ||     2
 Stab: Sleeping          |     1 |       ||     1
Armor: Leather armour    |    26 |    29 ||    55
       Skin              |    11 |       ||    11
Dodge: Dodged            |   144 |   128 ||   272

Levels and vault maps discovered:
D:1:      saegor_arrival_fortress, layout_basic,
          hellmonk_ecumenical_altar_pennies_from_heaven, st_stairs_5,
          serial_park_tiny_2, chequers_big_river
D:2:      layout_rooms
D:3:      layout_loops_ring
D:4:      minmay_opposing_rooms, layout_loops_ring, kennysheep_little_box,
          serial_glass, glass_columns_b, glass_columns_b, glass_columns_a,
          glass_columns_c, uniq_pikel
D:5:      kennysheep_slugbush, layout_loops_corners, old_standard_altar,
          patterned_corridor, uniq_eustachio
D:6:      kennysheep_spiral_hall, layout_layer_cave,
          minmay_temple_entry_offerings, serial_shops,
          nicolae_shop_temple_entry_statues_fountains, shop, shop,
          nicolae_shop_stone, shop, minmay_misc_feat_chi, minmay_door_square,
          chequers_serial_rivers_micro_e, minmay_crystal_water, chequers_avenue,
          kennysheep_windowed_goal

Notes
Turn   | Place    | Note
-------+----------+-------------------------------------------
     0 | Abyss:1  | spiderkeys the Hill Orc Abyssal Knight began the quest for
                  | the Orb.
     0 | Abyss:1  | Reached XP level 1. HP: 19/19 MP: 2/2
     0 | Abyss:1  | magus.rc [v1.9.10]
    94 | Abyss:1  | Noticed a small abomination
    96 | D:1      | You pass through the gate.
    96 | D:1      | Escaped the Abyss
   295 | D:1      | Reached skill level 3 in Axes
   295 | D:1      | Reached skill level 1 in Dodging
   308 | D:1      | Reached * piety under Lugonu
   309 | D:1      | Reached XP level 2. HP: 16/27 MP: 4/4
   335 | D:1      | HP: 6/27 [frilled lizard (1)]
   361 | D:1      | HP: 4/27 [jackal (3)]
   368 | D:1      | Reached XP level 3. HP: 5/33 MP: 5/5
   369 | D:1      | HP: 2/33 [jackal (3)]
   377 | D:1      | Reached skill level 3 in Invocations
   732 | D:1      | Found a faded altar of an unknown god.
   791 | D:1      | Reached skill level 4 in Fighting
  1923 | D:2      | Reached skill level 4 in Axes
  1947 | D:2      | Noticed a phantom
  1957 | D:2      | HP: 8/33 [phantom (6)]
  1957 | D:2      | HP: 3/33 [kobold/+0 club (5)]
  1958 | D:2      | HP: 1/33 [phantom (2)]
  2174 | D:2      | Killed a phantom
  2175 | D:2      | Reached skill level 3 in Armour
  2175 | D:2      | Reached XP level 4. HP: 33/41 MP: 6/6
  2175 | D:2      | Reached XP level 5. HP: 38/47 MP: 7/7
  2213 | D:2      | Reached ** piety under Lugonu
  2720 | D:3      | Reached skill level 5 in Axes
  2828 | D:3      | You fall into a shaft and drop 2 floors!
  2828 | D:5      | Entered Level 5 of the Dungeon
  2841 | D:5      | Noticed Eustachio
  2858 | D:5      | Reached skill level 4 in Invocations
  2882 | D:6      | HP: 9/47 [hound (3)]
  2884 | D:6      | Reached XP level 6. HP: 10/53 MP: 9/9
  3777 | D:3      | HP: 5/54 [orc priest/divine providence (12)]
  3777 | D:3      | Killed from afar by an orc priest

Vanquished Creatures
  A phantom (D:2)
  A lemure (D:3)
  A hound (D:6)
  A bullfrog skeleton (D:5)
  A gnoll (D:1)
  3 adders
  4 dart slugs (D:5)
  5 orcs
  3 ball pythons
  6 bats
  5 endoplasms
  8 goblins
  3 hobgoblins
  16 jackals
  5 quokkas
  A ball python zombie (D:1)
  4 frilled lizards
  A giant cockroach zombie (D:1)
  5 kobolds
  5 rats
79 creatures vanquished.

Vanquished Creatures (others)
  5 plants (D:1)
5 creatures vanquished.

Grand Total: 84 creatures vanquished

Table legend:
 A = Non-vault XP
 B = Vault XP
 C = Vault XP percentage of total XP
 D = Non-vault monster count
 E = Vault monster count
 F = Vault count percentage of total count
                 A         B        C        D         E       F
            +---------+---------+-------+---------+---------+-------
      Total |     340 |      35 |   9.3 |      69 |       9 |  11.5
            +---------+---------+-------+---------+---------+-------
        D:1 |      56 |      19 |  25.3 |      33 |       5 |  13.2
        D:2 |     136 |       0 |   0.0 |      13 |       0 |   0.0
        D:3 |      51 |       0 |   0.0 |      15 |       0 |   0.0
        D:4 |      12 |       0 |   0.0 |       5 |       0 |   0.0
        D:5 |      40 |      16 |  28.6 |       2 |       4 |  66.7
        D:6 |      45 |       0 |   0.0 |       1 |       0 |   0.0
            +---------+---------+-------+---------+---------+-------

Illustrated notes

Table legend:
 A = Kills in this place as a percentage of kills in entire the game.
 B = Kills by you in this place as a percentage of kills by you in the entire game.
 C = Kills by friends in this place as a percentage of kills by friends in the entire game.
 D = Other kills in this place as a percentage of other kills in the entire game.
 E = Experience gained in this place as a percentage of experience gained in the entire game.
 F = Experience gained in this place divided by the number of levels of this place that you have seen.
                   A       B       C       D       E      F
               +-------+-------+-------+-------+-------+----------------------
         Total | 100.0 | 100.0 |   N/A |   N/A | 100.0 |  53.6
       Dungeon | 100.0 | 100.0 |   N/A |   N/A | 100.0 |  62.5
               +-------+-------+-------+-------+-------+----------------------

Table legend: (Time is in decaauts)
 A = Elapsed time spent in this place.
 B = Non-inter-level travel time spent in this place.
 C = Inter-level travel time spent in this place.
 D = Time resting spent in this place.
 E = Time spent auto-exploring this place.
 F = Levels seen in this place.
 G = Mean time per level.
                   A        B        C        D        E       F      G
               +--------+--------+--------+--------+--------+-----+--------+
         Total |   3818 |   3539 |    279 |    444 |   2328 |   7 |  545.4 |
       Dungeon |   3722 |   3443 |    279 |    444 |   2269 |   6 |  620.3 |
         Abyss |     96 |     96 |      0 |      0 |     59 |   1 |   96.0 |
               +--------+--------+--------+--------+--------+-----+--------+

Top non-repeatable levels by time:
     D:1: 1796 daAuts
     D:2: 808 daAuts
     D:3: 659 daAuts
     D:6: 266 daAuts
     D:5: 136 daAuts
 Abyss:1: 96 daAuts
     D:4: 56 daAuts
